 Dungeon Crawl Stone Soup version 0.22-a0-812-g4c1e2d5471 (webtiles) character file.

9666 Htamos the Schismatic (level 11, -1/89 HPs)
             Began as a Formicid Abyssal Knight on July 23, 2018.
             Was an Elder of Lugonu.
             Slain by a yak (10 damage)
             ... on level 8 of the Dungeon.
             The game lasted 00:32:43 (14076 turns).

Htamos the Schismatic (Formicid Abyssal Knight)    Turns: 14076, Time: 00:32:44

Health: -1/89      AC: 22    Str: 21    XL:     11   Next: 78%
Magic:  18/18      EV:  9    Int: 13    God:    Lugonu [****..]
Gold:   441        SH:  0    Dex: 12    Spells: 10/10 levels left

rFire    . . .     SeeInvis +   q - +2 dagger (venom)
rCold    + . .     Gourm    .   (no shield)
rNeg     . . .     Faith    .   j - +4 plate armour {rC+}
rPois    .         Spirit   .   (helmet unavailable)
rElec    .         Reflect  .   C - +2 cloak {+Inv}
rCorr    .         Harm     .   e - +0 pair of gloves
MR       +....                  (no boots)
Stlth    ..........             o - amulet of the acrobat
HPRegen  0.24/turn              w - ring of teleportation
MPRegen  0.16/turn              u - +4 ring of strength

@: lethally poisoned (-1 -> -28)
A: permanent stasis, dig shafts and tunnels, four strong arms, antennae 3
a: Dig, Shaft Self, Depart the Abyss, Bend Space, Banish, Corrupt, Renounce
Religion, Evoke Invisibility


You were on level 8 of the Dungeon.
You worshipped Lugonu.
Lugonu was greatly pleased with you.
You were not hungry.

You visited 2 branches of the dungeon, and saw 12 of its levels.
You visited the Abyss 1 time.

You collected 480 gold pieces.
You spent 39 gold pieces at shops.

Inventory:

Hand Weapons
 a - a +2 hand axe
 d - a +2 dire flail of holy wrath
 q - a +2 dagger of venom (weapon)
Armour
 b - a +0 leather armour
 e - a +0 pair of gloves (worn)
 h - a +1 ring mail
 j - a +4 plate armour of cold resistance (worn)
 m - a -2 chain mail
 r - a +0 cloak
 C - a +2 cloak of invisibility (worn)
Magical Staves
 p - an uncursed staff of power {unknown}
Jewellery
 l - an uncursed ring of protection from magic
 o - an amulet of the acrobat (around neck)
 t - an uncursed ring of protection from magic
 u - a +4 ring of strength (right hand)
 w - a ring of teleportation (left hand)
 I - an uncursed ring of fire {unknown}
Wands
 v - a wand of enslavement (20)
 E - a wand of flame (21)
Scrolls
 f - 6 scrolls of identify
 i - 2 scrolls of enchant weapon
 k - 4 scrolls of magic mapping
 s - 2 scrolls of remove curse
 A - a scroll of amnesia
 G - a scroll of fear
Potions
 g - 2 potions of resistance
 n - a potion of flight
 x - 2 potions of agility
 z - a potion of brilliance {unknown}
 D - a potion of curing
 F - 3 potions of might {unknown}
Miscellaneous
 B - a lamp of fire (inert)
Comestibles
 c - 23 rations


   Skills:
 + Level 9.2 Fighting
 + Level 8.0 Axes
 + Level 8.8 Armour
 + Level 7.1 Dodging
 + Level 9.5 Invocations
 + Level 4.3 Evocations


You had 10 spell levels left.
You didn't know any spells.
Your spell library contained the following spells:

 Spells                   Type           Power        Failure   Level  Hunger
 Summon Small Mammal      Summ           #...         99%         1    ##.....
 Summon Ice Beast         Ice/Summ       #.......     100%        4    #####..
 Call Imp                 Summ           #.......     100%        2    ###....
 Call Canine Familiar     Summ           #.......     100%        3    ####...
 Summon Lightning Spire   Summ/Air       #.......     100%        4    #####..
 Summon Guardian Golem    Hex/Summ       #.......     100%        3    ####...


Dungeon Overview and Level Annotations

Branches:
Dungeon (11/15)            Temple (0/1) D:5            Lair (1/6) D:8
    Orc: D:9-12

Altars:
Gozag
Makhleb
Nemelex Xobeh
Sif Muna
Wu Jian
Yredelemnul
The Shining One

Shops:
D:4 *   D:9 ?

Annotations:
D:11 Urug


Innate Abilities, Weirdness & Mutations

You cannot be hasted, slowed, berserked, paralysed or teleported.
You can dig through walls and to a lower floor.
Your four strong arms can wield two-handed weapons with a shield.
You have a pair of large antennae on your head. (SInv)


Message History

The yak barely misses you. The yak closely misses you.
The black mamba bites you!
* * * LOW HITPOINT WARNING * * *
You closely miss the black mamba.
The black mamba is almost dead.
* * * LOW HITPOINT WARNING * * *
You feel very sick.
The black mamba bites you but does no damage.
The yak gores you but does no damage. The yak gores you!
* * * LOW HITPOINT WARNING * * *
You feel better. The black mamba bites you!
* * * LOW HITPOINT WARNING * * *
You are poisoned.
The black mamba poisons you! The yak gores you.
* * * LOW HITPOINT WARNING * * *
The black mamba bites you.
* * * LOW HITPOINT WARNING * * *
You are more poisoned.
The black mamba poisons you! The yak gores you!
You die...

........[# ##.####...# #.#
##.#.....# ####.........#
#.#
#.#.###)#####............#
#.. #.#.#
#.[....P...P...##..#######
##.#.#
#.##......PPP...#.......#
...#.#
#.##.......P....##.####.##
####.#
#.#..)P...P.P....#.# #...
#.# #>#....P####.PP.P#.##
#### #.#
#.......#@S#P.P.....## #.#
#...P...#YY#......##.# #.#
#.#..PP.##'#PP...###[# ##
#.# #.#..PPP.P.P.P...###.#
#. #.#
#.##....P...P...#.<.## #.
#.###.##..P.P..P..P.##.##
#.
#>##...##...PP.P...###.#
#. #................###
#)# ## ####...######.#.##
#.#


You could see a black mamba and 2 yaks.

Vanquished Creatures
  3 two-headed ogres
  Maurice (D:8)
  Joseph (D:8)
  A queen bee (D:9)
  A troll (D:6)
  A hippogriff (D:7)
  5 yaks (D:10)
  A hungry ghost (D:11)
  Edmund (D:5)
  A water moccasin (Lair:1)
  Duvessa (D:7)
  4 orc warriors
  3 porcupines
  2 sky beasts
  6 ice beasts
  A swamp drake (D:9)
  2 ogres
  2 boggarts (D:9)
  3 centaurs
  A big kobold (D:8)
  9 bullfrogs
  Dowan (D:7)
  2 wyvern skeletons
  5 scorpions
  21 killer bees
  A howler monkey (D:5)
  3 electric eels (D:7)
  2 crimson imps (D:6)
  A quasit (D:8)
  A centaur zombie (D:9)
  2 jellies (D:9)
  3 hounds
  5 orc priests
  4 bullfrog skeletons
  A centaur skeleton (D:9)
  4 orc wizards
  8 worker ants
  Natasha (thrice) (D:3)
  A worker ant zombie (D:6)
  7 adders
  A gnoll (D:9)
  2 shadow imps
  2 adder zombies
  2 worms (D:2)
  4 dart slugs
  4 leopard geckos
  24 orcs
  4 giant cockroaches
  3 goblins (D:3)
  7 hobgoblins
  10 jackals
  4 quokkas
  2 ball pythons
  3 bats
  6 frilled lizards
  6 kobolds
  2 leopard gecko skeletons
  2 quokka skeletons
  2 rats
215 creatures vanquished.

Vanquished Creatures (collateral kills)
  A bullfrog (D:10)
  3 orcs (D:10)
4 creatures vanquished.

Vanquished Creatures (others)
  4 fungi
4 creatures vanquished.

Grand Total: 223 creatures vanquished

Notes
Turn   | Place    | Note
-------+----------+-------------------------------------------
     0 | Abyss:1  | Htamos the Formicid Abyssal Knight began the quest for the Orb.
     0 | Abyss:1  | Reached XP level 1. HP: 18/18 MP: 2/2
    48 | Abyss:1  | Noticed a thrashing horror
    53 | Abyss:1  | Noticed an eye of draining
    54 | D:1      | Escaped the Abyss
   182 | D:1      | Reached skill level 1 in Dodging
   333 | D:1      | Reached XP level 2. HP: 15/24 MP: 3/3
   458 | D:1      | Reached * piety under Lugonu
   949 | D:2      | Reached XP level 3. HP: 23/29 MP: 4/4
  1036 | D:2      | Reached XP level 4. HP: 26/37 MP: 4/6
  1826 | D:2      | Reached XP level 5. HP: 38/42 MP: 7/7
  2109 | D:3      | Noticed Natasha
  2115 | D:3      | Killed Natasha
  2242 | D:3      | Noticed Natasha
  2279 | D:3      | Killed Natasha
  2293 | D:3      | Reached XP level 6. HP: 19/48 MP: 8/8
  2638 | D:3      | Found a basalt altar of Yredelemnul.
  2786 | D:3      | Noticed Natasha
  2789 | D:3      | Killed Natasha
  2901 | D:4      | Found Roystri's General Store.
  2921 | D:4      | Reached ** piety under Lugonu
  4048 | D:4      | Found a burning altar of Makhleb.
  4074 | D:4      | Found a sparkling altar of Nemelex Xobeh.
  4083 | D:4      | Reached XP level 7. HP: 52/55 MP: 10/10
  4447 | D:5      | Entered Level 5 of the Dungeon
  4693 | D:5      | Noticed Edmund
  4697 | D:5      | Killed Edmund
  4697 | D:5      | Reached skill level 5 in Fighting
  4936 | D:5      | Reached XP level 8. HP: 36/62 MP: 11/11
  5084 | D:5      | Reached skill level 5 in Invocations
  5205 | D:5      | Found a staircase to the Ecumenical Temple.
  5424 | D:5      | Found an ornate altar of the Wu Jian Council.
  5954 | D:6      | Found a deep blue altar of Sif Muna.
  6132 | D:6      | Reached skill level 5 in Armour
  6418 | D:6      | Noticed a troll
  6443 | D:6      | Killed a troll
  6443 | D:6      | Reached skill level 5 in Axes
  6443 | D:6      | Reached XP level 9. HP: 44/70 MP: 13/13
  6913 | D:7      | Reached *** piety under Lugonu
  7949 | D:7      | Noticed Duvessa
  7949 | D:7      | Noticed Dowan
  7975 | D:7      | Killed Duvessa
  7987 | D:7      | Killed Dowan
  8215 | D:7      | Noticed a hippogriff
  8229 | D:7      | Killed a hippogriff
  8229 | D:7      | Reached skill level 5 in Dodging
  8451 | D:7      | Found an opulent altar of Gozag.
  9192 | D:8      | Reached XP level 10. HP: 70/79 MP: 15/15
  9201 | D:8      | Noticed Maurice
  9350 | D:8      | Noticed a two-headed ogre
  9400 | D:7      | Killed a two-headed ogre
  9552 | D:8      | Killed Maurice
  9588 | D:8      | Found a staircase to the Lair.
  9702 | D:8      | Noticed Joseph
  9735 | D:8      | Killed Joseph
  9735 | D:8      | Reached skill level 1 in Evocations
 10149 | D:8      | Found a glowing golden altar of the Shining One.
 10249 | D:9      | Found Emohiaff's Magic Scroll Shoppe.
 10254 | D:9      | Bought a scroll of remove curse for 39 gold pieces
 11085 | D:9      | Reached XP level 11. HP: 85/87 MP: 17/17
 11090 | D:9      | Reached **** piety under Lugonu
 11166 | D:9      | Noticed a two-headed ogre
 11289 | D:10     | Entered Level 10 of the Dungeon
 12361 | D:10     | Noticed a two-headed ogre
 12393 | D:9      | Killed a two-headed ogre
 12638 | D:10     | Noticed a two-headed ogre
 12663 | D:10     | Killed a two-headed ogre
 13791 | D:11     | Noticed Urug
 13884 | Lair:1   | Entered Level 1 of the Lair of Beasts
 14076 | D:8      | Slain by a yak

Vault maps used:
D:1:      lightli_arrival_quake
D:2:      first_ration
D:3:      minmay_liquid_box, yredelemnul_altar_generic, uniq_natasha
D:4:      kennysheep_mini, nicolae_overflow_crystal_walls, serial_shops,
          nicolae_shop_crystal
D:5:      lemuel_coloured_pillars_altar, minmay_temple_entry_fiery, uniq_edmund
D:6:      overflow_temple_1_default
D:7:      wad_lake_hut, lemuel_round_altar, uniq_duvessa
D:8:      grunt_lair_entry_orc_guard_hut, basic_altar, blue_anna_alchemist,
          uniq_maurice, uniq_joseph
D:9:      serial_shops, kennysheep_little_box
D:11:     uniq_urug
Lair:1:   infiniplex_staircase_pool_2

Skill      XL: |  1  2  3  4  5  6  7  8  9 10 11 |
---------------+----------------------------------+-----
Dodging        | 1 2 3 4 5 6 7 |  7.1
Invocations    | 3 4 6 7 8 9 |  9.5
Armour         | 3 4 5 6 7 8 |  8.8
Fighting       | 4 5 6 7 8 9 |  9.2
Axes           | 3 4 5 6 7 8 |  8.0
Evocations     | 2 4 |  4.3

Action                   |  1- 3 |  4- 6 |  7- 9 | 10-12 || total
-------------------------+-------+-------+-------+-------++-------
Melee: Hand axe          |    80 |   223 |   314 |    32 ||   649
       Dire flail        |       |       |    20 |    57 ||    77
       Dagger            |       |       |    81 |   385 ||   466
       Unarmed           |       |       |       |     4 ||     4
Invok: Depart the Abyss  |     1 |       |       |       ||     1
       Banish            |       |       |       |     1 ||     1
 Abil: Dig               |       |     1 |     3 |       ||     4
Evoke: Wand              |       |       |    26 |    42 ||    68
       Lamp of fire      |       |       |       |     1 ||     1
  Use: Scroll            |     6 |     6 |     9 |     5 ||    26
       Potion            |     2 |     2 |     2 |     2 ||     8
  Eat: Chunk             |       |    11 |     8 |    13 ||    32
       Ration            |       |       |     2 |     2 ||     4
Armor: Leather armour    |    16 |       |       |       ||    16
       Chain mail        |    19 |   104 |       |       ||   123
       Ring mail         |     3 |       |       |       ||     3
       Plate armour      |       |       |   307 |   302 ||   609
       Skin              |       |       |       |     1 ||     1
Dodge: Dodged            |    68 |    76 |   175 |   316 ||   635

Table legend:
 A = Spawn XP
 B = Non-spawn XP
 C = Spawn XP percentage of total XP
 D = Spawn monster count
 E = Non-spawn monster count
 F = Spawn count percentage of total count
 G = Total turns spent on level
                    A         B        C        D         E        F      G
               +---------+---------+-------+---------+---------+-------+---------
         Total |       0 |   13809 |   0.0 |       0 |     219 |   0.0 | 14076
               +---------+---------+-------+---------+---------+-------+---------
           D:1 |       0 |      22 |   0.0 |       0 |      11 |   0.0 |   848
           D:2 |       0 |     124 |   0.0 |       0 |      19 |   0.0 |  1077
           D:3 |       0 |     175 |   0.0 |       0 |      20 |   0.0 |   895
           D:4 |       0 |     275 |   0.0 |       0 |      21 |   0.0 |  1651
           D:5 |       0 |     686 |   0.0 |       0 |      15 |   0.0 |  1162
           D:6 |       0 |     954 |   0.0 |       0 |      15 |   0.0 |  1126
           D:7 |       0 |    2317 |   0.0 |       0 |      20 |   0.0 |  2429
           D:8 |       0 |    2279 |   0.0 |       0 |      24 |   0.0 |  1032
           D:9 |       0 |    3758 |   0.0 |       0 |      49 |   0.0 |  2166
          D:10 |       0 |    2675 |   0.0 |       0 |      21 |   0.0 |  1381
          D:11 |       0 |     169 |   0.0 |       0 |       1 |   0.0 |    77
        Lair:1 |       0 |     375 |   0.0 |       0 |       3 |   0.0 |   178
               +---------+---------+-------+---------+---------+-------+---------
